 Dungeon Crawl Stone Soup version 0.25.1-2-g60ff931df9 (webtiles) character file.

Game seed: 9161570217927416799

364 Exodus22XD the Poker (level 6, 16/46 HPs)
             Began as a Demonspawn Gladiator on Nov 7, 2020.
             Quit the game on level 3 of the Dungeon.
             The game lasted 00:02:34 (1607 turns).

Exodus22XD the Poker (Demonspawn Gladiator)         Turns: 1607, Time: 00:02:34

Health: 16/46      AC:  9    Str: 16    XL:     6   Next: 39%
Magic:  6/6        EV: 10    Int: 10    God:
Gold:   33         SH:  4    Dex: 14    Spells: 5/5 levels left

rFire    + . .     SeeInvis .   a - +0 trident
rCold    x . .     Gourm    .   n - +0 buckler
rNeg     . . .     Faith    .   j - +0 scale mail (curse)
rPois    .         Spirit   .   c - +0 helmet
rElec    .         Reflect  .   (no cloak)
rCorr    .         Harm     .   (no gloves)
MR       .....                  (no boots)
Stlth    +.........             (no amulet)
HPRegen  0.15/turn              p - ring of fire
MPRegen  0.10/turn              (no ring)

@: no status effects
A: hooves 1, molten scales 1, nightstalker 1
a: no special abilities


You were on level 3 of the Dungeon.
You were hungry.

You visited 1 branch of the dungeon, and saw 3 of its levels.

You collected 33 gold pieces.

Inventory:

Hand Weapons
 a - a +0 trident (weapon)
Armour
 c - a +0 helmet (worn)
 j - a cursed +0 scale mail (worn)
 n - a +0 buckler (worn)
Jewellery
 p - a ring of fire (left hand)
Scrolls
 b - 2 scrolls of blinking {unknown}
 d - a scroll of enchant weapon {unknown}
 h - 3 scrolls of fog {unknown}
 i - a scroll of random uselessness {unknown}
 k - 2 scrolls of magic mapping {unknown}
 l - 3 scrolls of identify {unknown}
 o - a scroll of immolation {unknown}
 q - a scroll of remove curse {unknown}
Potions
 e - a potion of berserk rage
 s - a potion of might {unknown}
Comestibles
 f - 3 rations
 g - 2 chunks of flesh


   Skills:
 + Level 2.9 Fighting
 + Level 4.7 Polearms
 - Level 1.7 Throwing
 + Level 2.3 Armour
 - Level 3.2 Dodging
 * Level 2.2 Shields


You had 5 spell levels left.
You didn't know any spells.
Your spell library was empty.

Dungeon Overview and Level Annotations

Branches:
Dungeon (3/15)

Altars:


Innate Abilities, Weirdness & Mutations

You have large cloven feet.
You are partially covered in molten scales. (AC +2)
You are slightly more attuned to the shadows.


Message History

The gnoll is moderately wounded.
You block the giant cockroach's attack. The rat bites you but does no damage.
You block the gnoll's attack. The gnoll hits you but does no damage.
The frilled lizard bites you. The orc hits you but does no damage.
The giant cockroach bites you but does no damage.
You barely miss the gnoll. You kick the gnoll, but do no damage.
The gnoll is moderately wounded.
The rat misses you. You block the gnoll's attack.
The gnoll hits you from afar with a +0 spear!
The orc hits you with a +0 short sword. The frilled lizard closely misses you.
You block the giant cockroach's attack.
Unknown command.
You are too injured to fight recklessly!
Unknown command.
You are too injured to fight recklessly!
Unknown command.
You are too injured to fight recklessly!
Drop what? 17/52 slots (_ for help) (? for menu, Esc to quit)
Okay, then.
Are you sure you want to abandon this character and quit the game? (Confirm with "yes".)

#.....# ... ###.### #.
#..######.###
#.###..##.......#
###.........###.#.##
................#.รท##
.........#..........###
.....sgl..[.##.##......
....g.@!.#........#####
.....or....###..### ##.
$...............# #.#
.........######.# #.#
.......#.# #.#
#........# ##(
#.###..### ## #


You could see 2 gnolls, an orc, a giant cockroach, a frilled lizard and a rat.

Vanquished Creatures
  Grinder (D:3)
  A bullfrog (D:3)
  A gnoll (D:3)
  3 adders
  An ooze (D:2)
  A worm (D:3)
  2 dart slugs (D:2)
  3 leopard geckos
  An orc (D:3)
  6 bats (D:1)
  3 giant cockroaches (D:2)
  5 goblins (D:1)
  5 hobgoblins
  5 jackals
  2 quokkas (D:3)
  3 ball pythons
  3 frilled lizards
  6 kobolds
  2 rats
54 creatures vanquished.

Notes
Turn   | Place    | Note
-------+----------+-------------------------------------------
     0 | D:1      | Exodus22XD the Demonspawn Gladiator began the quest for the
                  | Orb.
     0 | D:1      | Reached XP level 1. HP: 16/16 MP: 1/1
    86 | D:1      | Reached skill level 3 in Polearms
   171 | D:1      | Gained mutation: You are partially covered in molten
                  | scales. (AC +2) [demonic ancestry]
   171 | D:1      | Reached XP level 2. HP: 22/22 MP: 2/2
   763 | D:2      | Gained mutation: You have large cloven feet. [demonic
                  | ancestry]
   763 | D:2      | Reached XP level 3. HP: 27/27 MP: 3/3
  1194 | D:3      | Noticed Grinder
  1214 | D:3      | Reached XP level 4. HP: 9/33 MP: 4/4
  1215 | D:3      | Paralysed by Grinder for 4 turns
  1225 | D:3      | Paralysed by Grinder for 5 turns
  1230 | D:3      | Killed Grinder
  1230 | D:3      | Reached skill level 4 in Polearms
  1230 | D:3      | Reached skill level 1 in Shields
  1230 | D:3      | Reached XP level 5. HP: 22/39 MP: 5/5
  1230 | D:3      | Gained mutation: You are slightly more attuned to the
                  | shadows. [demonic ancestry]
  1230 | D:3      | Reached XP level 6. HP: 26/46 MP: 6/6
  1607 | D:3      | Quit the game

Illustrated notes

Levels and vault maps discovered:
D:1:      saegor_arrival_miasma, layout_rooms, grunt_decor_mini_mirrors,
          minmay_misc_feat_enclosed
D:2:      layout_rooms, first_ration, serial_bayou_pond_c,
          kennysheep_generic_room_10
D:3:      layout_loops_cross, uniq_grinder

Skill      XL: |  1  2  3  4  5  6 |
---------------+-------------------+-----
Polearms       | 3 4 |  4.7
Dodging        | 3 |  3.2
Armour         | 2 |  2.3
Shields        | 1 2 |  2.2
Fighting       | |  2.9
Throwing       | |  1.7

Action                   |  1- 3 |  4- 6 || total
-------------------------+-------+-------++-------
Melee: Trident           |   150 |    42 ||   192
       Kick              |    12 |    19 ||    31
  Use: Potion            |     2 |     1 ||     3
  Eat: Chunk             |     1 |     1 ||     2
Armor: Leather armour    |    17 |       ||    17
       Scale mail        |    52 |    37 ||    89
Dodge: Dodged            |    95 |    42 ||   137
Block: Buckler           |     4 |    24 ||    28
